 Dungeon Crawl Stone Soup version 0.28.0-47-ge53b351184 (webtiles) character file.

Game seed: 11513231712844214893

186 Gabide the Grave Robber (level 5, 0/38 HPs)
             Began as a Mummy Necromancer on May 3, 2022.
             Slain by an orc
             ... wielding a +0 trident
              (3 damage)
             ... on level 3 of the Dungeon.
             The game lasted 00:05:02 (2571 turns).

Gabide the Grave Robber (Mummy Necromancer)         Turns: 2571, Time: 00:05:02

Health: 0/38       AC:  2    Str: 11    XL:     5   Next: 38%
Magic:  1/11       EV: 12    Int: 17    God:
Gold:   54         SH:  0    Dex: 12    Spells: 8/12 levels left

rFire   x . .      SeeInvis .   c - staff of death
rCold   + . .      Faith    .   (no shield)
rNeg    + + +      Spirit   .   a - +0 robe
rPois   ∞          Reflect  .   (no helmet)
rElec   .          Harm     .   (no cloak)
rCorr   .          Rampage  .   (no gloves)
Will    .....                   (no boots)
Stlth   ++........              (no amulet)
HPRegen 0.12/turn               (no ring)
MPRegen 0.12/turn               (no ring)

@: very slightly contaminated
A: cold resistance 1, negative energy resistance 3, torment resistance 2, heat
vulnerability 1, no potions
a: no special abilities


You were on level 3 of the Dungeon.
You visited 1 branch of the dungeon, and saw 3 of its levels.

You collected 54 gold pieces.

Inventory:

Armour
 a - a +0 robe (worn)
 g - an orb of guile
Magical Staves
 c - a staff of death (weapon)
Scrolls
 b - 2 scrolls of holy word
 d - a scroll of vulnerability {unknown}
 e - a scroll of teleportation {unknown}
 f - a scroll of noise {unknown}


   Skills:
 * Level 2.3 Fighting
 + Level 0.1 Staves
 * Level 2.6 Dodging
 - Level 1.5 Stealth
 * Level 4.1 Spellcasting
 * Level 4.7 Necromancy
 + Level 0.1 Evocations


You had 8 spell levels left.
You knew the following spells:

 Your Spells              Type           Power      Damage    Failure   Level
a - Pain                  Necr           100%       1d9       2%          1
b - Vampiric Draining     Necr           29%        2d8       7%          3

Your spell library contained the following spells:

 Spells                   Type           Power      Damage    Failure   Level
 Animate Skeleton         Necr           58%        N/A       2%          1
 Foxfire                  Conj/Fire      12%        2x1d4     16%         1
 Animate Dead             Necr           14%        N/A       22%         4
 Conjure Flame            Conj/Fire      3%         6-21      43%         3
 Inner Flame              Hex/Fire       3%         N/A       43%         3
 Agony                    Necr           29%        N/A       52%         5
 Flame Wave               Conj/Fire      3%         2d4       83%         4


Dungeon Overview and Level Annotations

Branches:
Dungeon (3/15)

Altars:


Innate Abilities, Weirdness & Mutations

You are immune to poison.
Your flesh is cold resistant. (rC+)
You are immune to negative energy. (rN+++)
You are immune to unholy pain and torment.
You are vulnerable to heat. (rF-)
You do not drink.


Message History

The orc barely misses you. x2
You hit the orc.
You kill the orc!
The orc barely misses you. The orc hits you with a +0 trident.
Things that are here:
a +1 dagger of venom; 2 boomerangs You barely miss the orc.
The orc misses you.
You hit the orc but do no damage. The orc hits you with a +0 trident.
* * * LOW HITPOINT WARNING * * *
The orc throws a boomerang.
The boomerang hits you but does no damage.
The orc throws a boomerang.
The boomerang misses you.
The orc throws a boomerang.
The boomerang hits you.
* * * LOW HITPOINT WARNING * * *
Things that are here:
a +0 short sword; an orc corpse You aren't carrying any items that you can evoke.
Unknown command.
Unknown command.
The orc throws a boomerang.
The boomerang closely misses you.
The orc throws a boomerang.
The boomerang hits you.
* * * LOW HITPOINT WARNING * * *
You see here a +0 short sword.
Okay, then.
You see here a +0 short sword.
The orc throws a boomerang.
The boomerang closely misses you. The orc closely misses you.
Casting: Vampiric Draining (dangerous; 7% risk of failure)
Confirm with . or Enter, or press ? or * to list all spells.
Aiming: Vampiric Draining (dangerous; 7% risk of failure)
Press: ? - help, Shift-Dir - straight line, f - orc
Aim: an orc, wielding a +0 trident, wearing a +0 leather armour and quivering boomerangs You feel a surge of power!
You miscast Vampiric Draining.
You are very lightly contaminated with residual magic.
Nothing appears to happen.
The orc closely misses you.
You hit the orc.
The orc is lightly wounded.
The orc hits you with a +0 trident.
You die...

#...# #####.##.... #...#
######....#.###..
#...###.....<.##.#####.
#####.........##).##.......
..............##..######...
...............#÷)##......<
..............)....#.###...
#...###o#.)###.#.###...
#...).@....# #......###
#...######.###.#....(.#
#...# #.....#..#.#.# #...#
#........#.... #...#
####.###.#.#.. #...#
#.###.#.#.. ....#
#.......... #....
#########.. ###


You could see an orc.

Vanquished Creatures
  An ogre (D:3)
  An orc wizard (D:3)
  2 adders (D:2)
  2 dart slugs (D:2)
  5 orcs
  8 ball pythons
  6 endoplasms
  2 giant cockroaches (D:1)
  2 goblins (D:2)
  5 hobgoblins (D:1)
  2 jackals (D:3)
  2 quokkas
  2 bats
  2 frilled lizards
  A kobold (D:3)
  3 rats
46 creatures vanquished.

Notes
Turn   | Place    | Note
-------+----------+-------------------------------------------
     0 | D:1      | Gabide the Mummy Necromancer began the quest for the Orb.
     0 | D:1      | Reached XP level 1. HP: 13/13 MP: 4/4
   162 | D:1      | Reached XP level 2. HP: 20/20 MP: 3/5
   432 | D:1      | Reached skill level 1 in Fighting
   973 | D:2      | Reached XP level 3. HP: 26/26 MP: 4/7
  2156 | D:3      | Noticed an ogre
  2163 | D:2      | Learned a level 3 spell: Vampiric Draining
  2280 | D:3      | Killed an ogre
  2281 | D:3      | Reached XP level 4. HP: 33/33 MP: 0/10
  2281 | D:3      | Reached XP level 5. HP: 38/38 MP: 0/11
  2292 | D:3      | Identified a scroll of acquirement
  2375 | D:2      | Acquired a staff of death
  2571 | D:3      | Slain by an orc

Illustrated notes

Levels and vault maps discovered:
D:1:      onia_arrival_pyramid, layout_rooms
D:2:      layout_basic, serial_corexii_hall, corexii_hall_statues_l,
          corexii_hall_statues_l, corexii_shack
D:3:      layout_loops_cross, lemuel_crystal_altar, serial_shops,
          nicolae_shop_competitors_out_of_business,
          chequers_ecumenical_altar_simple

Skill      XL: |  1  2  3 |
---------------+----------+-----
Spellcasting   | 3 4 |  4.1
Fighting       | 1 2 |  2.3
Dodging        | 2 |  2.6
Staves         | |  0.1
Stealth        | |  1.5
Necromancy     | |  4.7
Evocations     | |  0.1

Action                   |  1- 3 |  4- 6 || total
-------------------------+-------+-------++-------
Melee: Unarmed           |    10 |     6 ||    16
       Staff             |       |    13 ||    13
 Cast: Pain              |    84 |    13 ||    97
       Vampiric Draining |     1 |     2 ||     3
  Use: Scroll            |       |     3 ||     3
Armor: Robe              |     3 |     6 ||     9
Dodge: Dodged            |    12 |    23 ||    35
